[Event "Titled Tuesday Blitz May 30 Early 2023"]
[White "Guevara Sanchez, Erick Marvin"]
[Black "Mirzanurov, Bulat"]
[WhiteFideId "6700136"]
[BlackFideId "4184521"]
[WhiteElo "2040"]
[BlackElo "2005"]
[Result "1-0"]
[Round "10"]
[TimeControl "180+2"]
[Date "2023.05.30"]
[WhiteClock "0:00:43"]
[BlackClock "0:00:00"]

1. e4 c5 2. Nf3 d6 3. d4 cxd4 4. Nxd4 Nf6 5. Nc3 a6 6. h3 e5 7. Nde2 h5 8. g3 Be7 9. Bg2 b5 10. a3 Be6 11. Be3 Nbd7 12. Qd2 Qc7 13. f4 Nb6 14. b3 Rc8 15. f5 Bd7 16. O-O Bc6 17. Rae1 Qb7 18. Qd3 Nbd7 19. Kh2 Nc5 20. Bxc5 dxc5 21. Nd5 Rd8 22. c4 O-O 23. Rb1 Rd7 24. Bf3 Rfd8 25. g4 hxg4 26. hxg4 Bxd5 27. exd5 Nh7 28. Nc3 Ng5 29. Ne4 Nxe4 30. Bxe4 Bg5 31. Rh1 Bf4+ 32. Kg2 Rd6 33. Rh3 Rh6 34. Rxh6 Bxh6 35. Qg3 bxc4 36. bxc4 Qe7 37. Rb6 Bf4 38. Qh3 Qg5 39. d6 Bc1 40. Qd3 Qxg4+ 41. Kf2 Qf4+ 42. Ke2 Qh2+ 43. Kf1 Qf4+ 44. Bf3 Qg3 45. Rb8 1-0


[Site "https://www.chess.com"]

[Event "Titled Tuesday Blitz May 30 Early 2023"]
[White "dDobravcan"]
[Black "Winkels, Marcel"]
[BlackFideId "1003887"]
[WhiteElo "2106"]
[BlackElo "1900"]
[Result "0-1"]
[Round "10"]
[TimeControl "180+2"]
[Date "2023.05.30"]
[WhiteClock "0:00:17"]
[BlackClock "0:01:53"]

1. e4 Nf6 2. e5 Nd5 3. d4 d6 4. exd6 exd6 5. c4 Nb6 6. Bd3 Be7 7. h3 O-O 8. Nf3 Nc6 9. O-O Bf6 10. d5 Ne5 11. Nxe5 Bxe5 12. Nc3 a6 13. Qc2 g6 14. Bh6 Re8 15. b4 Bxh3 16. Ne4 Bf5 17. Bg5 f6 18. Be3 Bxe4 19. Bxe4 f5 20. Bd3 Qh4 21. f4 Bxa1 0-1


[Site "https://www.chess.com"]

[Event "Titled Tuesday Blitz May 30 Early 2023"]
[White "Torres Dominguez, David"]
[Black "Sanchez, Robert"]
[WhiteFideId "2220857"]
[BlackFideId "2034360"]
[WhiteElo "1999"]
[BlackElo "1818"]
[Result "1-0"]
[Round "10"]
[TimeControl "180+2"]
[Date "2023.05.30"]
[WhiteClock "0:01:39"]
[BlackClock "0:01:40"]

1. e4 e6 2. d4 d5 3. exd5 exd5 4. Bd3 c5 5. Nf3 Nf6 6. O-O Be7 7. dxc5 O-O 8. Re1 Bxc5 9. Nbd2 Nc6 10. c3 Bg4 11. Qc2 Qb6 12. Nb3 Bxf3 13. gxf3 Bd6 14. Be3 Qc7 15. h3 Ne5 16. Kg2 Ng6 17. Bxg6 hxg6 18. Nd4 a6 19. Qd2 Rfe8 20. Re2 Nh5 21. Rae1 Bf4 22. Bxf4 Rxe2 23. Bxc7 Rxd2 1-0


[Site "https://www.chess.com"]

[Event "Titled Tuesday Blitz May 30 Early 2023"]
[White "Nihal Sarin"]
[Black "Sjugirov, Sanan"]
[WhiteFideId "25092340"]
[BlackFideId "4189302"]
[WhiteElo "2689"]
[BlackElo "2569"]
[Result "1-0"]
[Round "11"]
[TimeControl "180+2"]
[Date "2023.05.30"]
[WhiteClock "0:00:15"]
[BlackClock "0:00:00"]

1. e4 c5 2. Nf3 d6 3. Bb5+ Bd7 4. Bxd7+ Qxd7 5. c4 Nf6 6. Nc3 Nc6 7. O-O e6 8. d4 cxd4 9. Nxd4 Be7 10. b3 O-O 11. Bb2 Rac8 12. Re1 a6 13. Na4 Qc7 14. Rc1 Rfd8 15. h3 h6 16. Qd2 Nd7 17. Nxc6 Qxc6 18. Nc3 Bg5 19. f4 Bf6 20. Kh2 Nc5 21. Qe3 Bxc3 22. Qxc3 e5 23. Rcd1 f6 24. Qf3 b5 25. cxb5 axb5 26. Rd5 Ne6 27. Bc1 Qa6 28. fxe5 dxe5 29. Bxh6 Qc6 30. Be3 Qe8 31. Red1 Ra8 32. Qg4 Rxd5 33. exd5 Nf8 34. Rc1 1-0


[Site "https://www.chess.com"]

[Event "Titled Tuesday Blitz May 30 Early 2023"]
[White "Naroditsky, Daniel"]
[Black "Dubov, Daniil"]
[WhiteFideId "2026961"]
[BlackFideId "24126055"]
[WhiteElo "2633"]
[BlackElo "2793"]
[Result "1/2-1/2"]
[Round "11"]
[TimeControl "180+2"]
[Date "2023.05.30"]
[WhiteClock "0:00:24"]
[BlackClock "0:00:14"]

1. e4 c5 2. c3 Nc6 3. Nf3 d5 4. exd5 Qxd5 5. d4 cxd4 6. cxd4 e5 7. Nc3 Bb4 8. Bd2 Bxc3 9. Bxc3 e4 10. Ne5 Nxe5 11. dxe5 Ne7 12. Qa4+ Bd7 13. Qa3 Qe6 14. Rd1 O-O 15. Be2 Bc6 16. Qd6 Nd5 17. Qxe6 fxe6 18. Bc4 e3 19. O-O exf2+ 20. Rxf2 Rxf2 21. Kxf2 Rf8+ 22. Kg3 Rf5 23. Bxd5 Bxd5 24. h4 h5 25. a3 g5 26. Rd2 Kh7 27. hxg5 Rxg5+ 28. Kh3 Kg6 29. Rf2 Rg4 30. Rf6+ Kg7 31. Rf2 b6 32. Bb4 Re4 33. Bd2 a5 34. Bc3 Rg4 35. Bd2 Rd4 36. Bc3 Re4 37. Bd2 Bc4 38. Rf4 Rxf4 39. Bxf4 Kg6 40. g4 1/2-1/2


[Site "https://www.chess.com"]

[Event "Titled Tuesday Blitz May 30 Early 2023"]
[White "Nepomniachtchi, Ian"]
[Black "Bluebaum, Matthias"]
[WhiteFideId "4168119"]
[BlackFideId "24651516"]
[WhiteElo "2781"]
[BlackElo "2639"]
[Result "1-0"]
[Round "11"]
[TimeControl "180+2"]
[Date "2023.05.30"]
[WhiteClock "0:00:20"]
[BlackClock "0:00:11"]

1. e4 e6 2. d4 d5 3. Nd2 c5 4. Ngf3 Nf6 5. e5 Nfd7 6. c3 Nc6 7. Bd3 f6 8. exf6 Nxf6 9. O-O cxd4 10. cxd4 Bd6 11. Re1 O-O 12. Nf1 Qb6 13. a3 Kh8 14. Bc2 Bd7 15. Ng3 Ng4 16. Qd3 g6 17. h3 Nxf2 18. Kxf2 Nxd4 19. Be3 Bxg3+ 20. Kxg3 Qd6+ 21. Kf2 Nxf3 22. Ke2 Nxe1 23. Rxe1 e5 24. Kd1 Bf5 25. Qd2 Bxc2+ 26. Kxc2 d4 27. Bh6 Rf7 28. Kb1 Qd5 29. Qg5 Re8 30. g4 Qc4 31. Qh4 Rf1 32. Rc1 Rc8 33. Rxf1 Qxf1+ 34. Ka2 Qf7+ 35. Kb1 e4 36. Qe1 e3 37. Qa5 Qe6 38. Qb4 Qe4+ 39. Ka2 e2 40. Qd6 Kg8 41. Qd7 Qe5 42. Qxc8+ Kf7 43. Qd7+ Qe7 44. Qd5+ Qe6 45. Qxe6+ Kxe6 46. Bd2 Kd5 47. Kb3 Ke4 48. Kc2 Kf3 49. Kd3 Kf2 50. Kxd4 e1=Q 51. Bxe1+ Kxe1 52. Ke5 Kf2 53. Kf4 Kg2 54. h4 Kh3 55. Kg5 h6+ 56. Kxh6 Kxh4 57. g5 Kg4 58. Kxg6 Kf3 59. Kf6 Ke2 60. g6 Kd1 61. g7 Kc1 62. g8=Q Kb1 63. Qb3 Ka1 64. Ke5 Kb1 65. Kd4 Ka1 66. Kc3 Kb1 67. Qc2+ Ka1 68. b3 b5 69. Qb2# 1-0


[Site "https://www.chess.com"]

[Event "Titled Tuesday Blitz May 30 Early 2023"]
[White "Kramnik, Vladimir"]
[Black "Ibarra Jerez, Jose Carlos"]
[WhiteFideId "4101588"]
[BlackFideId "2226332"]
[WhiteElo "2703"]
[BlackElo "2638"]
[Result "1-0"]
[Round "11"]
[TimeControl "180+2"]
[Date "2023.05.30"]
[WhiteClock "0:00:29"]
[BlackClock "0:00:00"]

1. e4 c5 2. Nf3 Nc6 3. Bb5 e6 4. O-O Nge7 5. a3 Nd4 6. Nxd4 cxd4 7. d3 a6 8. Ba4 b5 9. Bb3 Nc6 10. f4 Be7 11. Qh5 O-O 12. Rf3 g6 13. Qh6 f5 14. Nd2 Rf7 15. exf5 gxf5 16. Rg3+ Kh8 17. Nf3 Qf8 18. Ng5 Bxg5 19. Qxf8+ Rxf8 20. fxg5 Bb7 21. Bd2 Ne5 22. Re1 Ng6 23. Rh3 e5 24. Rh6 d6 25. h4 Rad8 26. Bb4 Rd7 27. h5 Nf4 28. Bxd6 Rxd6 29. Rxd6 e4 30. g6 hxg6 31. hxg6 Bc8 32. dxe4 Kg7 33. exf5 Bxf5 34. Re7+ 1-0


[Site "https://www.chess.com"]

[Event "Titled Tuesday Blitz May 30 Early 2023"]
[White "Kravtsiv, Martyn"]
[Black "Lazavik, Denis"]
[WhiteFideId "14113147"]
[BlackFideId "13515110"]
[WhiteElo "2695"]
[BlackElo "2560"]
[Result "0-1"]
[Round "11"]
[TimeControl "180+2"]
[Date "2023.05.30"]
[WhiteClock "0:00:04"]
[BlackClock "0:00:10"]

1. e4 c5 2. Nf3 e6 3. d4 cxd4 4. Nxd4 Nc6 5. Nc3 Qc7 6. Be2 Nf6 7. Be3 a6 8. O-O Be7 9. f4 d6 10. Kh1 O-O 11. Qe1 Nxd4 12. Bxd4 b5 13. Qg3 Bb7 14. a3 Rad8 15. Rae1 Ne8 16. Qf2 Rd7 17. Bd3 Qd8 18. Bb6 Qb8 19. Bd4 Bc6 20. Re3 Bf6 21. Rh3 Bxd4 22. Qxd4 Qa7 23. Qxa7 Rxa7 24. e5 h6 25. Be4 Rc7 26. Rf2 Bxe4 27. Nxe4 d5 28. Nc3 Rc4 29. b3 Rc5 30. Na2 a5 31. Rc3 Rxc3 32. Nxc3 Nc7 33. Ne2 f6 34. Kg1 Kf7 35. Nd4 Ra8 36. f5 b4 37. a4 exf5 38. Rxf5 Ne6 39. Nb5 Kg6 40. g4 Rc8 41. exf6 gxf6 42. h4 Rxc2 43. Rxd5 Nf4 44. h5+ Kf7 45. Rd7+ Ke6 46. Rh7 Ne2+ 47. Kf1 Rb2 48. Rxh6 Ng3+ 49. Ke1 Ne4 50. Rh8 Ke5 51. h6 Kf4 52. Re8 Rh2 53. Nc7 Rxh6 54. Ke2 Rh2+ 55. Kd3 Rd2+ 56. Kc4 Nd6+ 57. Kc5 Nxe8 58. Nxe8 Kg5 59. Kb6 Rd8 60. Nxf6 Kxf6 61. Kxa5 Rb8 62. Ka6 Ke5 63. g5 Kd4 64. a5 Kc3 65. Ka7 Rg8 66. a6 Rxg5 67. Kb7 Ra5 0-1


[Site "https://www.chess.com"]

[Event "Titled Tuesday Blitz May 30 Early 2023"]
[White "Deac, Bogdan-Daniel"]
[Black "Gorovets, Andrey"]
[WhiteFideId "1226380"]
[BlackFideId "13504037"]
[WhiteElo "2649"]
[BlackElo "2459"]
[Result "0-1"]
[Round "11"]
[TimeControl "180+2"]
[Date "2023.05.30"]
[WhiteClock "0:00:11"]
[BlackClock "0:00:14"]

1. Nf3 Nf6 2. d4 e6 3. Nbd2 d5 4. c4 b6 5. cxd5 exd5 6. g3 Bb7 7. Bg2 Bd6 8. O-O Nbd7 9. b3 O-O 10. Bb2 Qe7 11. Rc1 Rac8 12. Nb1 Ne4 13. Nc3 a6 14. e3 f5 15. Ne2 g5 16. Qc2 a5 17. Nc3 c6 18. Rfe1 Ba6 19. Bf1 Bxf1 20. Kxf1 h5 21. Ke2 Kh7 22. Rg1 Kh6 23. h4 g4 24. Nd2 Ndf6 25. Kf1 Qe6 26. Ne2 Nxd2+ 27. Qxd2 Ne4 28. Qd3 Rc7 29. Kg2 Nf6 30. Rc2 Qe4+ 31. Qxe4 Nxe4 32. Rgc1 Rfc8 33. Nc3 Nxc3 34. Bxc3 Kg6 35. Bb2 Kf7 36. Kf1 Ke6 37. Ke2 c5 38. dxc5 bxc5 39. Kd3 a4 40. Bc3 axb3 41. axb3 Rb7 42. Rb2 Rcb8 43. Kc2 Be5 44. Rcb1 Bxc3 45. Kxc3 Ke5 46. Rd1 Rb4 47. Rdd2 c4 48. bxc4 Rxb2 49. Rxb2 Rxb2 50. Kxb2 dxc4 51. Kc3 Kd5 52. Kb4 Ke4 53. Kxc4 Kf3 54. Kd5 Kxf2 55. Ke5 Kxg3 56. Kxf5 Kxh4 57. e4 g3 58. e5 g2 59. e6 g1=Q 60. e7 Qe1 61. Kf6 Qxe7+ 0-1


[Site "https://www.chess.com"]

[Event "Titled Tuesday Blitz May 30 Early 2023"]
[White "Le, Tuan Minh"]
[Black "Zhigalko, Sergei"]
[WhiteFideId "12401153"]
[BlackFideId "13502956"]
[WhiteElo "2566"]
[BlackElo "2626"]
[Result "1-0"]
[Round "11"]
[TimeControl "180+2"]
[Date "2023.05.30"]
[WhiteClock "0:00:02"]
[BlackClock "0:00:00"]

1. d4 Nf6 2. Nf3 e6 3. c4 b6 4. a3 Ba6 5. Qc2 Bb7 6. Nc3 c5 7. e4 cxd4 8. Nxd4 Nc6 9. Nxc6 Bxc6 10. Bf4 Nh5 11. Be3 Bc5 12. Qd2 Qc7 13. Be2 Bxe3 14. Qxe3 Nf4 15. O-O O-O 16. Rfe1 Nxe2+ 17. Qxe2 f5 18. e5 f4 19. f3 Rf5 20. Rad1 Rc8 21. Rd4 Qd8 22. b4 Rc7 23. Qd2 Qg5 24. Ne4 Qh4 25. Nd6 Rh5 26. h3 Rg5 27. Rxf4 Qg3 28. h4 Rg6 29. Re2 a6 30. Qe3 b5 31. c5 Bd5 32. Rf2 Ra7 33. Ne4 Bxe4 34. Rxe4 Ra8 35. Qd3 Rd8 36. Rd4 Rf8 37. Rxd7 Qxe5 38. Qd1 Qf4 39. c6 1-0


[Site "https://www.chess.com"]

[Event "Titled Tuesday Blitz May 30 Early 2023"]
[White "Duda, Jan-Krzysztof"]
[Black "Asis Gargatagli, Hipolito"]
[WhiteFideId "1170546"]
[BlackFideId "2260735"]
[WhiteElo "2790"]
[BlackElo "2557"]
[Result "1-0"]
[Round "11"]
[TimeControl "180+2"]
[Date "2023.05.30"]
[WhiteClock "0:01:59"]
[BlackClock "0:00:18"]

1. b3 d6 2. Bb2 e5 3. g3 f5 4. Bg2 Nf6 5. e3 h5 6. Nf3 c5 7. c4 Nc6 8. Nc3 Be7 9. d4 cxd4 10. exd4 e4 11. Nh4 Kf7 12. f3 g5 13. Nxf5 Bxf5 14. fxe4 Bg4 15. Qd2 b5 16. cxb5 Na5 17. O-O Kg6 18. e5 dxe5 19. Ne4 Nd5 20. h3 Be6 21. Nc5 Bxc5 22. dxc5 h4 23. Rae1 hxg3 24. Rxe5 Nf4 25. Be4+ Kh5 26. Qxf4 1-0


[Site "https://www.chess.com"]

[Event "Titled Tuesday Blitz May 30 Early 2023"]
[White "Svane, Rasmus"]
[Black "Hayrapetyan, Hovik"]
[WhiteFideId "4657101"]
[BlackFideId "13302639"]
[WhiteElo "2601"]
[BlackElo "2348"]
[Result "1-0"]
[Round "11"]
[TimeControl "180+2"]
[Date "2023.05.30"]
[WhiteClock "0:00:13"]
[BlackClock "0:00:03"]

1. Nf3 d5 2. g3 Nf6 3. Bg2 e6 4. O-O Be7 5. c4 O-O 6. b3 d4 7. e3 c5 8. Ne5 Nfd7 9. exd4 cxd4 10. Nxd7 Nxd7 11. d3 a5 12. Ba3 Nc5 13. Qe2 Qc7 14. Nd2 Rb8 15. f4 b6 16. Rae1 Bb7 17. Bxb7 Rxb7 18. f5 Bg5 19. fxe6 Be3+ 20. Kg2 Qc6+ 21. Qf3 Qxf3+ 22. Nxf3 fxe6 23. Ne5 Rf5 24. Bxc5 bxc5 25. Ng4 Rxf1 26. Kxf1 a4 27. bxa4 Rb4 28. Nxe3 dxe3 29. Rxe3 Rxa4 30. Rxe6 Rxa2 31. Re5 Rd2 32. Rd5 Kf7 33. h4 Ke6 34. h5 h6 35. g4 Kf6 36. Ke1 Rg2 37. Rf5+ Ke6 38. Rxc5 Rxg4 39. Ke2 Kd6 40. Rd5+ Ke6 41. Kf3 Rh4 42. Ke3 Rg4 43. d4 g6 44. hxg6 Rxg6 45. Re5+ Kd6 46. c5+ Kc6 47. Kd3 Rg1 48. Re6+ Kb5 49. Rb6+ 1-0


[Site "https://www.chess.com"]

[Event "Titled Tuesday Blitz May 30 Early 2023"]
[White "Atoufi, Pedram"]
[Black "Kuzubov, Yuriy"]
[WhiteFideId "12501654"]
[BlackFideId "14112906"]
[WhiteElo "2228"]
[BlackElo "2496"]
[Result "0-1"]
[Round "11"]
[TimeControl "180+2"]
[Date "2023.05.30"]
[WhiteClock "0:00:10"]
[BlackClock "0:00:22"]

1. e4 c5 2. Nc3 d6 3. Nf3 Nf6 4. e5 dxe5 5. Nxe5 e6 6. Be2 Be7 7. O-O O-O 8. d3 Nbd7 9. Bf4 Nb6 10. Qd2 Nfd5 11. Be3 Nxe3 12. fxe3 f6 13. Nf3 e5 14. e4 Be6 15. b3 Rf7 16. a4 Bf8 17. a5 Nc8 18. Nd5 Ne7 19. Nxe7+ Rxe7 20. Qe3 Rc7 21. Ra4 Rc6 22. Nd2 Ra6 23. h3 Rxa5 24. Rxa5 Qxa5 25. Nc4 Qc3 26. Qd2 Qxd2 27. Nxd2 a6 28. Kf2 Be7 29. Ke3 g6 30. Bg4 Bf7 31. Nc4 h5 32. Bd7 Rd8 33. Nb6 c4 34. bxc4 Bc5+ 35. Ke2 Bxb6 36. Rxf6 Bd4 37. Ba4 Kg7 38. Rf1 Be6 39. Rb1 Bc8 40. Rf1 Rf8 41. Rxf8 Kxf8 42. Kd2 Ke7 43. c3 Bc5 44. Bd1 Kf6 45. Ba4 Kg5 46. Be8 Be6 47. Ke2 b6 48. Bc6 a5 49. Kf3 Kf6 50. Be8 h4 51. Bc6 Ke7 52. Bb5 Bd7 53. Bxd7 Kxd7 54. d4 exd4 55. cxd4 Bxd4 56. Ke2 a4 57. Kd3 Bc5 58. Kc3 a3 59. Kb3 Ke6 60. Ka2 Ke5 61. Kb1 Kxe4 0-1


[Site "https://www.chess.com"]

[Event "Titled Tuesday Blitz May 30 Early 2023"]
[White "Narayanan.S.L"]
[Black "Mahdavi, Reza"]
[WhiteFideId "5058422"]
[BlackFideId "12595926"]
[WhiteElo "2563"]
[BlackElo "2352"]
[Result "1-0"]
[Round "11"]
[TimeControl "180+2"]
[Date "2023.05.30"]
[WhiteClock "0:02:22"]
[BlackClock "0:01:02"]

1. c4 e5 2. Nf3 e4 3. Nd4 Nc6 4. e3 Nf6 5. Nc3 Ne5 6. f4 Nd3+ 7. Bxd3 exd3 8. O-O d5 9. cxd5 Nxd5 10. Qb3 Nb6 11. a4 c5 12. Nf3 c4 13. Qa2 a5 14. Ne5 Qc7 15. Nb5 Qc5 16. b3 Be6 17. Ba3 Qc8 18. Bxf8 Kxf8 19. Qa3+ Kg8 20. Rac1 f6 21. Nxc4 Nxc4 22. bxc4 Qd7 23. Nd4 Bf5 24. c5 Be4 25. Qb3+ Bd5 26. Qxd3 Qxa4 27. Nb5 Qe4 28. Qxe4 Bxe4 29. Nd6 Bc6 30. e4 h6 31. d4 Ra7 32. d5 Bd7 33. e5 1-0


[Site "https://www.chess.com"]

[Event "Titled Tuesday Blitz May 30 Early 2023"]
[White "Narayanan, Srinath"]
[Black "Papasimakopoulos, Alexandros"]
[WhiteFideId "5018420"]
[BlackFideId "4244125"]
[WhiteElo "2438"]
[BlackElo "2359"]
[Result "1-0"]
[Round "11"]
[TimeControl "180+2"]
[Date "2023.05.30"]
[WhiteClock "0:01:09"]
[BlackClock "0:01:11"]

1. Nf3 d5 2. e3 Nf6 3. c4 e6 4. b3 c5 5. Bb2 Be7 6. cxd5 exd5 7. d4 Nc6 8. dxc5 Bxc5 9. Be2 O-O 10. O-O Bf5 11. Nc3 a6 12. Rc1 Ba7 13. Na4 Ne4 14. Bxa6 Nb4 15. Be2 Nxa2 16. Ra1 Nb4 17. Ba3 Qa5 18. Qe1 Nc6 19. Bxf8 Kxf8 20. Qxa5 Nxa5 21. Nb2 Nc6 22. Nd4 Bd7 23. Nxc6 bxc6 24. Ra3 Nd6 25. Rfa1 Nc8 26. Nd3 Ke7 27. Ne5 Be8 28. Bg4 Kd6 29. Nd3 Bd7 30. Bxd7 Kxd7 31. Ne5+ Kc7 32. Nxf7 Kb7 33. h4 Rb8 34. Nd8+ Kc7 35. Ne6+ Kd6 36. Nxg7 Bc5 37. Ra8 Rxa8 38. Rxa8 1-0


[Site "https://www.chess.com"]

[Event "Titled Tuesday Blitz May 30 Early 2023"]
[White "Makarian, Rudik"]
[Black "Mendonca, Leon Luke"]
[WhiteFideId "44105681"]
[BlackFideId "35028561"]
[WhiteElo "2461"]
[BlackElo "2464"]
[Result "1-0"]
[Round "11"]
[TimeControl "180+2"]
[Date "2023.05.30"]
[WhiteClock "0:00:02"]
[BlackClock "0:00:00"]

1. d4 e6 2. c4 Bb4+ 3. Bd2 Bxd2+ 4. Qxd2 Nf6 5. Nc3 d5 6. Nf3 O-O 7. h4 b6 8. h5 h6 9. g4 Bb7 10. g5 Ne4 11. Qe3 Nxg5 12. Rg1 Nxf3+ 13. Qxf3 Kh8 14. e3 Nd7 15. cxd5 exd5 16. Bd3 Qf6 17. Qg4 Rad8 18. O-O-O c5 19. Rg3 Rg8 20. Rdg1 cxd4 21. exd4 Nf8 22. Rf3 Qe7 23. Qf4 Rd7 24. Rfg3 Rd6 25. Re3 Re6 26. Reg3 Qf6 27. Qb8 Re7 28. R3g2 Ne6 29. Qg3 Qf4+ 30. Qxf4 Nxf4 31. Rg3 Bc8 32. Kd2 Nxh5 33. Rf3 Be6 34. Rh1 g6 35. Re3 Rge8 36. Ne2 Kg7 37. Nc3 Nf6 38. Re5 Nd7 39. Re2 h5 40. Ree1 Nf6 41. Reg1 Bg4 42. Rg3 Kf8 43. f3 Be6 44. Ne2 Bd7 45. Nf4 Rc8 46. Rhg1 Be8 47. Rg5 Rd7 48. Re5 Rd6 49. Rge1 Bd7 50. Rg1 Re8 51. Reg5 Rd8 52. Re5 Be8 53. b4 R8d7 54. a3 Rc7 55. Reg5 Rd8 56. Ne2 Bd7 57. Nf4 Be8 58. Bxg6 fxg6 59. Ne6+ Kf7 60. Nxc7 Rc8 61. Nxe8 Rxe8 62. Rc1 Rd8 63. Rc7+ Rd7 64. Rxd7+ Nxd7 65. Rxd5 Ke6 66. Rg5 Kf6 67. Rg1 Kf5 68. Ke3 Nf6 69. Kd3 h4 70. Rh1 g5 71. Kc4 Kf4 72. d5 Nd7 73. d6 Kxf3 74. Kd5 Kg2 75. Re1 h3 76. Kc6 Nf6 77. Re6 h2 78. Rxf6 h1=Q 79. d7 Kg3+ 80. Kc7 Qh7 81. Rd6 g4 82. Kb8 1-0


[Site "https://www.chess.com"]

[Event "Titled Tuesday Blitz May 30 Early 2023"]
[White "Simonian, Hrair"]
[Black "Bjerre, Jonas Buhl"]
[WhiteFideId "13302337"]
[BlackFideId "1444948"]
[WhiteElo "2447"]
[BlackElo "2525"]
[Result "0-1"]
[Round "11"]
[TimeControl "180+2"]
[Date "2023.05.30"]
[WhiteClock "0:00:00"]
[BlackClock "0:00:19"]

1. e4 c5 2. Nc3 e6 3. Nf3 Nc6 4. Bb5 Nge7 5. O-O a6 6. Bxc6 Nxc6 7. d4 cxd4 8. Nxd4 Be7 9. Re1 O-O 10. e5 Nxd4 11. Qxd4 d6 12. Bf4 dxe5 13. Qxe5 f6 14. Qe3 e5 15. Rad1 Qa5 16. Nd5 Bc5 17. Qb3 Be6 18. Bd2 Qb5 19. Qxb5 axb5 20. Nc7 Bg4 21. Nxa8 Bxd1 22. Rxd1 Rxa8 23. a3 Rd8 24. Kf1 e4 25. Ke2 Kf7 26. g4 Ke6 27. h3 g6 28. Be3 Rxd1 29. Kxd1 Bxe3 30. fxe3 f5 31. gxf5+ Kxf5 32. Ke2 g5 33. Kf2 h5 34. b3 Ke5 35. c3 Kd5 36. Kg3 Ke5 37. Kf2 Kf5 38. Kg3 h4+ 39. Kg2 Ke5 40. Kf2 Ke6 41. Kg2 Kf5 42. Kf2 Ke5 43. Kg1 Kf6 44. Kf2 Ke6 45. Kg1 Kf5 46. Kg2 b6 47. Kf2 g4 48. hxg4+ Kxg4 49. c4 bxc4 50. bxc4 h3 51. a4 h2 52. Kg2 h1=Q+ 53. Kxh1 Kf3 54. Kh2 Kxe3 55. c5 bxc5 56. a5 c4 57. a6 c3 58. a7 c2 59. a8=Q c1=Q 60. Qa7+ Kd3 61. Qd7+ Ke3 62. Qa7+ Ke2 63. Qa6+ Kf3 64. Qf6+ Qf4+ 65. Qxf4+ Kxf4 66. Kg1 Ke3 67. Kf1 Kd2 68. Kf2 e3+ 0-1


[Site "https://www.chess.com"]

[Event "Titled Tuesday Blitz May 30 Early 2023"]
[White "Djordjevic, Vuk"]
[Black "Zemlyanskii, Ivan"]
[WhiteFideId "902098"]
[BlackFideId "24249971"]
[WhiteElo "2452"]
[BlackElo "2421"]
[Result "1-0"]
[Round "11"]
[TimeControl "180+2"]
[Date "2023.05.30"]
[WhiteClock "0:02:20"]
[BlackClock "0:00:00"]

1. d4 d5 2. Nf3 Nf6 3. c4 c6 4. Nc3 dxc4 5. a4 Bf5 6. e3 e6 7. Bxc4 Bb4 8. O-O Nbd7 9. Qe2 O-O 10. e4 Bg6 11. e5 Nd5 12. Ne4 Be7 13. Rd1 1-0


[Site "https://www.chess.com"]

[Event "Titled Tuesday Blitz May 30 Early 2023"]
[White "Rustemov, Alexander"]
[Black "Csonka, Balazs"]
[WhiteFideId "4119002"]
[BlackFideId "742910"]
[WhiteElo "2822"]
[BlackElo "2404"]
[Result "1-0"]
[Round "11"]
[TimeControl "180+2"]
[Date "2023.05.30"]
[WhiteClock "0:00:21"]
[BlackClock "0:00:02"]

1. d4 d5 2. Nf3 Nf6 3. c4 c6 4. e3 e6 5. Nc3 Be7 6. Bd3 O-O 7. O-O dxc4 8. Bxc4 c5 9. Qe2 a6 10. Rd1 b5 11. dxc5 Qc7 12. Bd3 Bxc5 13. b3 Bb7 14. Bb2 Qe7 15. Ng5 Ba3 16. Bxa3 Qxa3 17. Nce4 Nbd7 18. Rac1 h6 19. Rc7 Bd5 20. Nxf6+ Nxf6 21. Nh3 Rac8 22. Rxc8 Rxc8 23. Nf4 Rc1 24. Rxc1 Qxc1+ 25. Qf1 Qb2 26. Qb1 Qd2 27. Qc2 Qe1+ 28. Bf1 g5 29. Nd3 Qa1 30. f3 Kg7 31. Kf2 e5 32. Qb2 Qxb2+ 33. Nxb2 e4 34. Nd1 Bc6 35. b4 Kf8 36. Nc3 Ke7 37. a3 Kd6 38. Be2 exf3 39. gxf3 Nd7 40. f4 f6 41. Kg3 Nb6 42. Kg4 Nd5 43. Nxd5 Bxd5 44. Kf5 Ke7 45. Kg6 gxf4 46. exf4 Be4+ 47. Kxh6 Ke6 48. Bg4+ f5 49. Bd1 Kf6 50. Bb3 Bc6 51. h4 Bd7 52. Kh7 Be8 53. Bd1 Bf7 54. Bf3 Bc4 55. Bb7 1-0


[Site "https://www.chess.com"]

[Event "Titled Tuesday Blitz May 30 Early 2023"]
[White "Melikyan, Gnel"]
[Black "Baskakov, Egor"]
[WhiteFideId "54109990"]
[BlackFideId "24197866"]
[WhiteElo "2138"]
[BlackElo "2225"]
[Result "1/2-1/2"]
[Round "11"]
[TimeControl "180+2"]
[Date "2023.05.30"]
[WhiteClock "0:00:36"]
[BlackClock "0:00:53"]

1. e4 c5 2. Nf3 Nf6 3. e5 Nd5 4. Nc3 e6 5. Nxd5 exd5 6. d4 Nc6 7. dxc5 Bxc5 8. Bd3 d6 9. exd6 O-O 10. O-O Qxd6 11. Re1 h6 12. h3 Bd7 13. Be3 Bxe3 14. Rxe3 Rfe8 15. Rxe8+ Rxe8 16. Qd2 Qf6 17. c3 Bxh3 18. Bb5 Be6 19. Re1 Rd8 20. Bxc6 bxc6 21. Qe3 Rb8 22. b4 a5 23. Qa7 Qd8 24. Nd4 Qb6 25. Qxa5 Qxa5 26. bxa5 c5 27. Nxe6 fxe6 28. Rxe6 Rb5 29. Ra6 Kf7 30. a4 Rb3 31. Rd6 Rxc3 32. Rxd5 Ke6 33. Rh5 Kd6 34. Rh4 Rc1+ 35. Kh2 Rb1 36. Rg4 g5 37. Re4 Rb8 38. f4 gxf4 39. Rxf4 Ra8 40. Rf6+ Ke5 41. Rxh6 Rxa5 42. Rh4 Ra8 43. Kh3 Rc8 44. Rc4 Kd5 45. Rc1 c4 46. g4 Kc5 47. g5 Kb4 48. Kg4 Kxa4 49. g6 Kb3 50. Kg5 c3 51. g7 c2 52. Kg6 Kb2 53. Rxc2+ Kxc2 54. Kh7 Rc7 55. Kh8 Rxg7 56. Kxg7 1/2-1/2


[Site "https://www.chess.com"]

[Event "Titled Tuesday Blitz May 30 Early 2023"]
[White "Di Benedetto, Edoardo"]
[Black "Pranav, V"]
[WhiteFideId "875740"]
[BlackFideId "25060783"]
[WhiteElo "2296"]
[BlackElo "2515"]
[Result "0-1"]
[Round "11"]
[TimeControl "180+2"]
[Date "2023.05.30"]
[WhiteClock "0:00:10"]
[BlackClock "0:01:15"]

1. d4 Nf6 2. c4 g6 3. g3 Bg7 4. Bg2 O-O 5. Nf3 d6 6. O-O Nbd7 7. Nc3 e5 8. e4 a6 9. h3 Re8 10. Be3 c6 11. Qc2 exd4 12. Nxd4 Ne5 13. b3 Qc7 14. Rad1 Ned7 15. f4 Nc5 16. Bf2 Bd7 17. Rfe1 Rad8 18. Kh2 Bc8 19. b4 Ne6 20. Nxe6 Bxe6 21. c5 dxc5 22. bxc5 Qa5 23. e5 Nd5 24. Nxd5 cxd5 25. Bd4 Rc8 26. Qd2 Qa4 27. Rb1 Bf8 28. Rec1 Rc7 29. Qb4 Qxb4 30. Rxb4 Rec8 31. g4 b5 32. a4 Bxc5 33. Bxc5 Rxc5 34. Rxc5 Rxc5 35. axb5 Rxb5 36. Rxb5 axb5 37. Kg3 b4 38. Bf1 d4 39. Kf3 Bd5+ 40. Kf2 Be4 41. Ke2 b3 0-1


[Site "https://www.chess.com"]

[Event "Titled Tuesday Blitz May 30 Early 2023"]
[White "Bortnyk, Olexandr"]
[Black "Shuvalova, Polina"]
[WhiteFideId "14120828"]
[BlackFideId "24171760"]
[WhiteElo "2734"]
[BlackElo "2281"]
[Result "1-0"]
[Round "11"]
[TimeControl "180+2"]
[Date "2023.05.30"]
[WhiteClock "0:00:31"]
[BlackClock "0:00:03"]

1. d4 Nf6 2. Nc3 d5 3. Bf4 a6 4. e3 e6 5. a3 Bd6 6. Nf3 O-O 7. Bd3 c5 8. dxc5 Bxc5 9. O-O Nc6 10. e4 d4 11. e5 dxc3 12. exf6 gxf6 13. bxc3 b6 14. Be4 Bb7 15. Nd4 Bxd4 16. cxd4 f5 17. Bf3 Na5 18. Bxb7 Nxb7 19. Qf3 Qd5 20. Qg3+ Kh8 21. c4 Qd7 22. Bh6 Qxd4 23. Rad1 Qf6 24. Bxf8 Rxf8 25. Qc7 Nc5 26. Qxb6 Ne4 27. Rd3 Rg8 28. Rfd1 Qg6 29. g3 Qf6 30. Rd8 Nc3 31. Rxg8+ Kxg8 32. Qd8+ Qxd8 33. Rxd8+ Kg7 34. c5 Kf6 35. c6 Nb5 36. a4 Nc7 37. Rd7 Nd5 38. Rxd5 1-0


[Site "https://www.chess.com"]